[ AOE2 MATCH · #506370936 ]
UnrankedVietnamese vs Japanese
Player's team · LOSS
Rival team · WIN
[ REPLAY ANALYSIS · EXTRACTED FROM THE RECORDED GAME ]
Feudal
11:32
Castle
21:41
Imperial
—
| APM avg | 58.6 |
| APM peak | 91 |
| eAPM avg | 31.8 |
| Villagers / military | 184 / 138 |
Focus
⚔️ 37.0% · 🌾 63.0%
Knight ×60 · Skirmisher ×45 · Archer ×11 · Petard ×8 · Monk ×5 · Mangonel ×5
Feudal
14:00
Castle
20:07
Imperial
41:58
| APM avg | 53.6 |
| APM peak | 89 |
| eAPM avg | 27.1 |
| Villagers / military | 163 / 137 |
Focus
⚔️ 32.3% · 🌾 67.7%
Cavalry Archer ×64 · Knight ×28 · Scout Cavalry ×19 · Skirmisher ×11 · Militia ×9 · Mangonel ×4
Match map
Initial resources + every placement click. Lines = walls · curves = elevation contours. ◆ gold · ⬟ stone · ● berries · ✦ relic · ◌ wall gap
Your base· ✓ Closed at 21:41 · 51t walls · 1 gate(s)
boanaan's base· Open — opponent sealed themselves in
Smoothed initial terrain · ◌ = detected wall gap · hover for details
Inputs per minute
— flightlessbird - - boanaan
Build order — flightlessbird
First 150 of 512 actions detected
| 0:01 | Create | Villager (Male) |
| 0:01 | Create | Villager (Male) |
| 0:02 | Build | House |
| 0:03 | Build | House |
| 0:04 | Create | Villager (Male) |
| 0:04 | Create | Villager (Male) |
| 1:25 | Create | Villager (Male) |
| 1:25 | Create | Villager (Male) |
| 1:25 | Create | Villager (Male) |
| 1:58 | Create | Villager (Male) |
| 1:58 | Create | Villager (Male) |
| 2:11 | Create | Villager (Male) |
| 2:11 | Create | Villager (Male) |
| 2:48 | Create | Villager (Male) |
| 2:48 | Create | Villager (Male) |
| 2:50 | Build | Barracks |
| 3:02 | Build | Barracks |
| 3:06 | Create | Villager (Male) |
| 3:26 | Build | House |
| 3:43 | Create | Villager (Male) |
| 4:01 | Create | Militia |
| 4:09 | Create | Villager (Male) |
| 4:19 | Create | Militia |
| 4:24 | Build | House |
| 4:35 | Create | Villager (Male) |
| 4:45 | Create | Militia |
| 4:58 | Create | Villager (Male) |
| 5:15 | Create | Militia |
| 5:29 | Create | Villager (Male) |
| 5:46 | Create | Villager (Male) |
| 6:07 | Build | Mill |
| 6:15 | Create | Villager (Male) |
| 6:15 | Create | Villager (Male) |
| 6:38 | Create | Villager (Male) |
| 6:52 | Build | House |
| 7:00 | Build | House |
| 7:01 | Build | Palisade Wall |
| 7:06 | Create | Villager (Male) |
| 7:26 | Create | Villager (Male) |
| 7:46 | Create | Villager (Male) |
| 7:50 | Build | Palisade Wall |
| 7:51 | Build | Palisade Wall |
| 8:12 | Build | Lumber Camp |
| 8:20 | Create | Villager (Male) |
| 8:29 | Research | Loom |
| 9:06 | Build | Palisade Wall |
| 9:22 | Research | Feudal Age |
| 9:35 | Build | Palisade Wall |
| 10:17 | Build | Mining Camp |
| 10:53 | Build | Palisade Wall |
| 11:12 | Build | House |
| 11:32 | Age | Feudal Age |
| 11:35 | Create | Villager (Male) |
| 11:39 | Build | Archery Range |
| 11:42 | Research | Double-Bit Axe |
| 11:56 | Create | Villager (Male) |
| 12:05 | Build | Farm |
| 12:07 | Build | Farm |
| 12:16 | Create | Villager (Male) |
| 12:29 | Build | Farm |
| 12:32 | Create | Villager (Male) |
| 12:40 | Build | Palisade Gate |
| 12:42 | Build | House |
| 12:44 | Create | Archer |
| 12:44 | Create | Archer |
| 12:52 | Create | Villager (Male) |
| 12:53 | Build | Farm |
| 13:17 | Create | Villager (Male) |
| 13:19 | Build | Blacksmith |
| 13:24 | Build | Blacksmith |
| 13:28 | Create | Archer |
| 13:29 | Create | Villager (Male) |
| 13:44 | Build | Farm |
| 13:55 | Build | Palisade Wall |
| 14:10 | Build | Farm |
| 14:12 | Research | Fletching |
| 14:14 | Create | Villager (Male) |
| 14:16 | Build | Farm |
| 14:31 | Create | Archer |
| 14:39 | Build | Farm |
| 14:41 | Build | Farm |
| 14:44 | Create | Villager (Male) |
| 14:55 | Create | Archer |
| 15:05 | Create | Villager (Male) |
| 15:09 | Create | Archer |
| 15:19 | Build | Farm |
| 15:19 | Build | Farm |
| 15:38 | Build | Farm |
| 15:38 | Build | Farm |
| 15:38 | Build | Farm |
| 15:38 | Build | Farm |
| 15:48 | Build | House |
| 15:55 | Build | House |
| 15:57 | Build | House |
| 15:59 | Build | House |
| 16:01 | Build | House |
| 16:03 | Create | Villager (Male) |
| 16:06 | Build | Palisade Wall |
| 16:12 | Create | Archer |
| 16:22 | Create | Archer |
| 16:28 | Create | Villager (Male) |
| 16:47 | Create | Villager (Male) |
| 16:50 | Create | Archer |
| 17:04 | Build | Farm |
| 17:06 | Build | Farm |
| 17:14 | Create | Villager (Male) |
| 17:24 | Build | Farm |
| 17:35 | Create | Villager (Male) |
| 17:57 | Create | Villager (Male) |
| 18:06 | Build | Farm |
| 18:14 | Create | Villager (Male) |
| 18:31 | Build | House |
| 18:48 | Create | Skirmisher |
| 19:01 | Research | Castle Age |
| 19:07 | Create | Skirmisher |
| 19:10 | Build | Archery Range |
| 19:14 | Research | Horse Collar |
| 19:14 | Research | Horse Collar |
| 19:14 | Research | Horse Collar |
| 19:18 | Build | House |
| 19:27 | Build | House |
| 19:28 | Build | House |
| 19:29 | Build | House |
| 19:35 | Create | Skirmisher |
| 19:48 | Build | Lumber Camp |
| 19:58 | Build | Palisade Wall |
| 19:59 | Build | Palisade Wall |
| 20:10 | Create | Skirmisher |
| 20:10 | Create | Skirmisher |
| 20:14 | Research | Gold Mining |
| 20:14 | Research | Gold Mining |
| 20:15 | Research | Gold Mining |
| 20:16 | Create | Skirmisher |
| 20:35 | Create | Skirmisher |
| 20:36 | Create | Skirmisher |
| 20:45 | Build | Market |
| 21:10 | Build | House |
| 21:18 | Create | Skirmisher |
| 21:18 | Create | Skirmisher |
| 21:37 | Build | House |
| 21:41 | Age | Castle Age |
| 21:41 | Build | House |
| 21:44 | Research | Elite Skirmisher (upgrade) |
| 21:45 | Research | Elite Skirmisher (upgrade) |
| 21:45 | Research | Bodkin Arrow |
| 21:46 | Research | Bodkin Arrow |
| 21:46 | Research | Bodkin Arrow |
| 21:49 | Create | Villager (Male) |
| 21:55 | Build | Siege Workshop |
| 22:04 | Create | Skirmisher |
Build order — boanaan
First 150 of 429 actions detected
| 0:00 | Create | Villager (Male) |
| 0:02 | Build | House |
| 0:02 | Build | House |
| 0:11 | Create | Villager (Male) |
| 0:16 | Create | Villager (Male) |
| 0:20 | Create | Villager (Male) |
| 1:30 | Create | Villager (Male) |
| 1:52 | Build | Lumber Camp |
| 1:59 | Create | Villager (Male) |
| 2:00 | Create | Villager (Male) |
| 2:23 | Create | Villager (Male) |
| 2:53 | Create | Villager (Male) |
| 3:09 | Create | Villager (Male) |
| 3:30 | Create | Villager (Male) |
| 4:02 | Create | Villager (Male) |
| 4:03 | Build | Mill |
| 4:05 | Build | House |
| 4:25 | Create | Villager (Male) |
| 4:47 | Build | House |
| 4:48 | Create | Villager (Male) |
| 5:19 | Create | Villager (Male) |
| 5:25 | Research | Loom |
| 5:34 | Build | Barracks |
| 5:57 | Build | Mining Camp |
| 6:04 | Create | Villager (Male) |
| 6:06 | Build | Palisade Wall |
| 6:08 | Build | Palisade Wall |
| 6:22 | Build | Palisade Wall |
| 6:30 | Create | Villager (Male) |
| 6:40 | Create | Militia |
| 6:58 | Create | Militia |
| 7:02 | Build | Lumber Camp |
| 7:07 | Create | Villager (Male) |
| 7:17 | Create | Militia |
| 7:17 | Create | Militia |
| 7:29 | Build | House |
| 7:31 | Create | Villager (Male) |
| 7:38 | Create | Militia |
| 7:38 | Create | Militia |
| 7:54 | Create | Militia |
| 7:54 | Create | Villager (Male) |
| 8:12 | Create | Villager (Male) |
| 8:34 | Build | Farm |
| 8:39 | Create | Villager (Male) |
| 8:41 | Build | House |
| 8:49 | Build | Palisade Wall |
| 8:50 | Build | Palisade Wall |
| 9:09 | Create | Villager (Male) |
| 9:12 | Build | Palisade Wall |
| 9:13 | Build | Palisade Wall |
| 9:14 | Build | Palisade Wall |
| 9:16 | Build | Palisade Wall |
| 9:17 | Build | Palisade Wall |
| 9:23 | Build | Farm |
| 9:28 | Build | Farm |
| 9:30 | Create | Villager (Male) |
| 9:48 | Build | Palisade Wall |
| 9:50 | Build | Palisade Wall |
| 9:56 | Build | Farm |
| 9:59 | Create | Villager (Male) |
| 10:19 | Create | Villager (Male) |
| 10:21 | Build | Farm |
| 10:23 | Build | House |
| 10:46 | Build | Farm |
| 10:47 | Create | Villager (Male) |
| 11:14 | Create | Villager (Male) |
| 11:15 | Build | Farm |
| 11:17 | Build | Farm |
| 11:41 | Build | Palisade Wall |
| 11:45 | Build | Farm |
| 11:50 | Research | Feudal Age |
| 12:05 | Build | Farm |
| 12:07 | Build | Farm |
| 12:14 | Build | Palisade Wall |
| 12:22 | Build | House |
| 12:32 | Build | Palisade Wall |
| 12:33 | Build | Palisade Wall |
| 12:33 | Build | Palisade Wall |
| 12:34 | Build | Palisade Wall |
| 12:39 | Create | Militia |
| 12:39 | Create | Militia |
| 13:12 | Build | Farm |
| 13:54 | Create | Villager (Male) |
| 13:59 | Build | Palisade Wall |
| 14:00 | Age | Feudal Age |
| 14:09 | Build | Archery Range |
| 14:12 | Build | Blacksmith |
| 14:24 | Create | Villager (Male) |
| 14:36 | Research | Man-at-Arms (upgrade) |
| 14:48 | Build | Farm |
| 14:50 | Build | Farm |
| 14:50 | Create | Villager (Male) |
| 15:17 | Create | Villager (Male) |
| 15:28 | Build | Palisade Wall |
| 15:29 | Build | Palisade Wall |
| 15:36 | Create | Villager (Male) |
| 15:43 | Create | Skirmisher |
| 15:46 | Build | Farm |
| 15:48 | Build | Farm |
| 15:51 | Build | Farm |
| 16:11 | Create | Villager (Male) |
| 16:32 | Create | Villager (Male) |
| 16:34 | Build | House |
| 16:55 | Create | Villager (Male) |
| 17:27 | Research | Castle Age |
| 17:27 | Research | Castle Age |
| 17:31 | Build | Archery Range |
| 17:50 | Create | Skirmisher |
| 17:58 | Build | Palisade Wall |
| 18:37 | Create | Skirmisher |
| 18:41 | Build | House |
| 18:56 | Research | Horse Collar |
| 19:12 | Build | Farm |
| 19:12 | Create | Skirmisher |
| 19:13 | Create | Skirmisher |
| 19:19 | Research | Padded Archer Armor |
| 19:34 | Create | Skirmisher |
| 19:35 | Create | Skirmisher |
| 19:50 | Research | Fletching |
| 19:55 | Create | Villager (Male) |
| 20:02 | Research | Double-Bit Axe |
| 20:07 | Age | Castle Age |
| 20:13 | Build | Town Center |
| 20:21 | Create | Villager (Male) |
| 20:24 | Build | Town Center |
| 20:32 | Create | Villager (Male) |
| 20:35 | Research | Elite Skirmisher (upgrade) |
| 20:45 | Create | Skirmisher |
| 20:49 | Create | Skirmisher |
| 21:03 | Create | Villager (Male) |
| 21:23 | Create | Villager (Male) |
| 21:23 | Create | Villager (Male) |
| 21:33 | Create | Skirmisher |
| 21:33 | Create | Skirmisher |
| 21:36 | Create | Cavalry Archer |
| 21:36 | Create | Cavalry Archer |
| 21:37 | Create | Villager (Male) |
| 21:55 | Create | Villager (Male) |
| 21:56 | Build | University |
| 22:02 | Create | Villager (Male) |
| 22:25 | Create | Villager (Male) |
| 22:29 | Create | Villager (Male) |
| 22:34 | Build | Farm |
| 22:34 | Build | Farm |
| 22:34 | Build | Farm |
| 22:34 | Build | Farm |
| 22:35 | Build | Farm |
| 22:35 | Build | Farm |
| 22:39 | Build | Siege Workshop |
| 22:46 | Create | Villager (Male) |
Match timeline
| 2:50 | flightlessbird · first_building Barracks |
| 5:34 | boanaan · first_building Barracks |
| 6:06 | boanaan · wall_segment Palisade Wall x1 |
| 6:08 | boanaan · wall_segment Palisade Wall x1 |
| 6:22 | boanaan · wall_segment Palisade Wall x1 |
| 7:01 | flightlessbird · wall_segment Palisade Wall x3 |
| 7:50 | flightlessbird · wall_segment Palisade Wall x1 |
| 7:51 | flightlessbird · wall_segment Palisade Wall x1 |
| 8:49 | boanaan · wall_segment Palisade Wall x1 |
| 8:50 | boanaan · wall_segment Palisade Wall x1 |
| 9:06 | flightlessbird · wall_segment Palisade Wall x16 |
| 9:12 | boanaan · wall_segment Palisade Wall x1 |
| 9:13 | boanaan · wall_segment Palisade Wall x1 |
| 9:14 | boanaan · wall_segment Palisade Wall x1 |
| 9:16 | boanaan · wall_segment Palisade Wall x1 |
| 9:17 | boanaan · wall_segment Palisade Wall x4 |
| 9:35 | flightlessbird · wall_segment Palisade Wall x9 |
| 9:48 | boanaan · wall_segment Palisade Wall x1 |
| 9:50 | boanaan · wall_segment Palisade Wall x7 |
| 10:53 | flightlessbird · wall_segment Palisade Wall x1 |
| 11:32 | flightlessbird · age_up feudal |
| 11:39 | flightlessbird · first_building Archery Range |
| 11:41 | boanaan · wall_segment Palisade Wall x1 |
| 12:14 | boanaan · wall_segment Palisade Wall x7 |
| 12:32 | boanaan · wall_segment Palisade Wall x1 |
| 12:33 | boanaan · wall_segment Palisade Wall x1 |
| 12:33 | boanaan · wall_segment Palisade Wall x1 |
| 12:34 | boanaan · wall_segment Palisade Wall x1 |
| 13:55 | flightlessbird · wall_segment Palisade Wall x11 |
| 13:59 | boanaan · wall_segment Palisade Wall x1 |
| 14:00 | boanaan · age_up feudal |
| 14:09 | boanaan · first_building Archery Range |
| 15:28 | boanaan · wall_segment Palisade Wall x1 |
| 15:29 | boanaan · wall_segment Palisade Wall x1 |
| 16:06 | flightlessbird · wall_segment Palisade Wall x7 |
| 17:58 | boanaan · wall_segment Palisade Wall x1 |
| 19:58 | flightlessbird · wall_segment Palisade Wall x1 |
| 19:59 | flightlessbird · wall_segment Palisade Wall x1 |
| 20:07 | boanaan · age_up castle |
| 21:41 | flightlessbird · age_up castle |
| 21:55 | flightlessbird · first_building Siege Workshop |
| 22:39 | boanaan · first_building Siege Workshop |
| 24:55 | flightlessbird · wall_segment Palisade Wall x1 |
| 26:10 | boanaan · first_building Stable |
| 26:57 | flightlessbird · wall_segment Stone Wall x1 |
| 28:08 | flightlessbird · first_building Monastery |
| 31:08 | flightlessbird · first_building Stable |
| 33:05 | flightlessbird · first_market_buy 100 wood |
| 33:24 | boanaan · first_building Monastery |
| 33:46 | flightlessbird · wall_segment Palisade Wall x5 |
| 33:47 | flightlessbird · wall_segment Palisade Wall x1 |
| 34:01 | flightlessbird · first_market_sell 100 stone |
| 37:30 | boanaan · first_building Castle |
| 38:37 | flightlessbird · first_building Castle |
| 38:56 | flightlessbird · wall_segment Stone Wall x1 |
| 38:59 | flightlessbird · wall_segment Stone Wall x1 |
| 39:00 | flightlessbird · wall_segment Stone Wall x1 |
| 41:58 | boanaan · age_up imperial |
| 42:50 | flightlessbird · resign |
[ AI ANALYSIS · 1 CREDIT ]
What really happened in this match?
Wolo.gg analyzes every decision: build order, eco, micro, common mistakes by bracket. Personalized analysis on WhatsApp or Discord in 30 seconds.
Civ guide
Vietnamese
Perfil
Jugador #285508